WIN
MINNESOTA (WIN) TWINS @ BALTIMORE (WIN) ORIOLES
12/28/2046
 
TOP OF THE 1ST
Minnesota (WIN) Twins batting - Pitching for Baltimore (WIN) Orioles : RHP Sam Wilson
Pitching: RHP Sam Wilson
Batting: LHB Jim Pankratz 0-0: Ground out 4-3 (Groundball, 4S, EV 60.6 MPH)
Batting: RHB J.J. Powers 0-0: Ball
1-0: Ball
2-0: Called Strike
2-1: Swinging Strike
2-2: Ball
3-2: Base on Balls
Batting: RHB Miguel Diaz 0-0: Ball
1-0: Ball
2-0: Foul Ball, location: 2F
2-1: Called Strike
J.J. Powers steals 2nd base (no throw)
2-2: Ball
3-2: Strikes out swinging
Batting: SHB Dan Morataya 0-0: Foul Ball, location: 2F
0-1: Foul Ball, location: 2F
0-2: Ball
1-2: SINGLE (Line Drive, 89S, EV 95.6 MPH)
J.J. Powers to third
Runner from 3rd tries for Home, SAFE, throw by CF to home
Batting: RHB Matt Dunn 0-0: Called Strike
Dan Morataya steals 2nd base
0-1: Called Strike
0-2: Strikes out swinging
Top of the 1st over - 1 run, 1 hit, 0 errors, 1 left on base; Minnesota (WIN) 1 - Baltimore (WIN) 0
BOTTOM OF THE 1ST
Baltimore (WIN) Orioles batting - Pitching for Minnesota (WIN) Twins : RHP Matt Springer
Pitching: RHP Matt Springer
Batting: RHB Bobby Scholl 0-0: Foul Ball, location: 2F
0-1: Ball
1-1: Called Strike
1-2: Ball
2-2: Strikes out looking
Batting: LHB Matt Patnaude 0-0: Called Strike
0-1: Called Strike
0-2: Strikes out swinging
Batting: LHB Raul Rojas 0-0: Ball
1-0: SINGLE (Flyball, 8RS, EV 93.8 MPH)
Batting: RHB Tony Logan Pickoff Throw to First - Out! 1-3 CS
Bottom of the 1st over - 0 runs, 1 hit, 0 errors, 0 left on base; Minnesota (WIN) 1 - Baltimore (WIN) 0
TOP OF THE 2ND
Minnesota (WIN) Twins batting - Pitching for Baltimore (WIN) Orioles : RHP Sam Wilson
Batting: RHB Manuel Juarez 0-0: Ball
1-0: Ball
2-0: Ball
3-0: Called Strike
3-1: Base on Balls
Batting: LHB Chaim Huting 0-0: Ball
1-0: Ball
2-0: Foul Ball, location: 2F
2-1: Foul Ball, location: 2F
2-2: Strikes out swinging
Batting: LHB Israel Montoya 0-0: Ball
1-0: Ball
2-0: TRIPLE (Flyball, 78XD, EV 108.1 MPH)
Manuel Juarez scores
Batting: RHB Jose Nunez 0-0: Ball
1-0: Swinging Strike
1-1: Ball
2-1: Foul Ball, location: 2F
2-2: Foul Ball, location: 2F
2-2: Foul Ball, location: 2F
2-2: Strikes out swinging
Batting: LHB Jim Pankratz 0-0: Called Strike
0-1: Called Strike
0-2: Foul Ball, location: 2F
0-2: Ball
1-2: Foul Ball, location: 2F
1-2: Ball
2-2: Ball
3-2: Base on Balls
Batting: RHB J.J. Powers 0-0: Ball
1-0: Ball
Jim Pankratz is caught stealing 2nd base 2-4
Top of the 2nd over - 1 run, 1 hit, 0 errors, 1 left on base; Minnesota (WIN) 2 - Baltimore (WIN) 0
BOTTOM OF THE 2ND
Baltimore (WIN) Orioles batting - Pitching for Minnesota (WIN) Twins : RHP Matt Springer
Batting: RHB Tony Logan 0-0: Called Strike
0-1: Swinging Strike
0-2: Strikes out swinging
Batting: LHB Jose Chinchilla 0-0: Called Strike
0-1: Ball
1-1: Fly out, F8 (Flyball, 8LD, EV 94.4 MPH)
Batting: RHB Travis Carter 0-0: Called Strike
0-1: Foul Ball, location: 2F
0-2: Strikes out swinging
Bottom of the 2nd over - 0 runs, 0 hits, 0 errors, 0 left on base; Minnesota (WIN) 2 - Baltimore (WIN) 0
TOP OF THE 3RD
Minnesota (WIN) Twins batting - Pitching for Baltimore (WIN) Orioles : RHP Sam Wilson
Batting: RHB J.J. Powers 0-0: Ball
1-0: Ball
2-0: Ball
3-0: Base on Balls
Batting: RHB Miguel Diaz 0-0: Grounds into double play, 6-4-3 (Groundball, 6, EV 88.1 MPH)
Batting: SHB Dan Morataya 0-0: Ball
1-0: Ball
2-0: Ball
3-0: Base on Balls
Batting: RHB Matt Dunn 0-0: Called Strike
0-1: Ball
1-1: Ball
Dan Morataya is caught stealing 2nd base 2-4
Top of the 3rd over - 0 runs, 0 hits, 0 errors, 0 left on base; Minnesota (WIN) 2 - Baltimore (WIN) 0
BOTTOM OF THE 3RD
Baltimore (WIN) Orioles batting - Pitching for Minnesota (WIN) Twins : RHP Matt Springer
Batting: LHB Tyler Allen 0-0: Called Strike
0-1: Ball
1-1: Swinging Strike
1-2: Strikes out swinging
Batting: SHB Hugo Moreno 0-0: Ball
1-0: Foul Ball, location: 2F
1-1: Ball
2-1: Fly out, F7 (Flyball, 7LM, EV 94.4 MPH)
Batting: RHB Muneer Maudad 0-0: Foul Ball, location: 2F
0-1: Ball
1-1: Called Strike
1-2: Ball
2-2: Strikes out swinging
Bottom of the 3rd over - 0 runs, 0 hits, 0 errors, 0 left on base; Minnesota (WIN) 2 - Baltimore (WIN) 0
TOP OF THE 4TH
Minnesota (WIN) Twins batting - Pitching for Baltimore (WIN) Orioles : RHP Sam Wilson
Batting: RHB Matt Dunn 0-0: Ball
1-0: Foul Ball, location: 2F
1-1: Foul Ball, location: 2F
1-2: Foul Ball, location: 2F
1-2: Ball
2-2: Foul Ball, location: 2F
2-2: Fly out, F9 (Flyball, 9, EV 98.8 MPH)
Batting: RHB Manuel Juarez 0-0: Called Strike
0-1: Swinging Strike
0-2: Ball
1-2: DOUBLE (Line Drive, 89D, EV 113.8 MPH)
Batting: LHB Chaim Huting 0-0: Called Strike
0-1: Called Strike
0-2: Fly out, F4 (Line Drive, 4, EV 72.5 MPH)
Batting: LHB Israel Montoya 0-0: Swinging Strike
0-1: Foul Ball, location: 2F
0-2: Ball
1-2: Strikes out swinging
Top of the 4th over - 0 runs, 1 hit, 0 errors, 1 left on base; Minnesota (WIN) 2 - Baltimore (WIN) 0
BOTTOM OF THE 4TH
Baltimore (WIN) Orioles batting - Pitching for Minnesota (WIN) Twins : RHP Matt Springer
Batting: RHB Bobby Scholl 0-0: Swinging Strike
0-1: Swinging Strike
0-2: Ball
1-2: Foul Ball, location: 2F
1-2: Strikes out swinging
Batting: LHB Matt Patnaude 0-0: Foul Ball, location: 2F
0-1: Ground out 5-3 (Groundball, 56S, EV 80.0 MPH)
Batting: LHB Raul Rojas 0-0: Ball
1-0: Ball
2-0: Called Strike
2-1: Foul Ball, location: 2F
2-2: Strikes out swinging
Bottom of the 4th over - 0 runs, 0 hits, 0 errors, 0 left on base; Minnesota (WIN) 2 - Baltimore (WIN) 0
TOP OF THE 5TH
Minnesota (WIN) Twins batting - Pitching for Baltimore (WIN) Orioles : RHP Sam Wilson
Batting: RHB Jose Nunez 0-0: Ball
1-0: Hit by Pitch
Batting: LHB Jim Pankratz 0-0: Called Strike
0-1: Ball
Wild Pitch!
Jose Nunez to second
1-1: Ball
2-1: Ball
3-1: SINGLE (Line Drive, 7LS, EV 96.2 MPH)
Jose Nunez to third
Batting: RHB J.J. Powers 0-0: Called Strike
0-1: Ball
1-1: Foul Ball, location: 2F
1-2: Ball
2-2: Ball
3-2: Hit by Pitch
Jim Pankratz to second
Batting: RHB Miguel Diaz 0-0: Ball
1-0: Ball
2-0: Ball
3-0: Base on Balls
Jose Nunez scores
Jim Pankratz to third
J.J. Powers to second
Pitching: RHP Brent Widder
Batting: SHB Dan Morataya 0-0: Ball
1-0: Foul Ball, location: 2F
1-1: Ball
2-1: Called Strike
2-2: Foul Ball, location: 2F
2-2: GRAND SLAM HOME RUN (Flyball, 9D, EV 96.9 MPH), Distance : 382 ft
Batting: RHB Matt Dunn 0-0: Foul Ball, location: 2F
0-1: Foul Ball, location: 2F
0-2: Foul Ball, location: 2F
0-2: Strikes out swinging
Batting: RHB Manuel Juarez 0-0: Ball
1-0: Foul Ball, location: 2F
1-1: Swinging Strike
1-2: Foul Ball, location: 2F
1-2: Foul Ball, location: 2F
1-2: Ball
2-2: Strikes out swinging
Batting: LHB Chaim Huting 0-0: Ball
1-0: Foul Ball, location: 2F
1-1: Ball
2-1: Foul Ball, location: 2F
2-2: Ball
3-2: DOUBLE (Groundball, 5L, EV 103.1 MPH)
Batting: LHB Israel Montoya 0-0: Foul Ball, location: 2F
0-1: Swinging Strike
0-2: Ball
1-2: Strikes out looking
Top of the 5th over - 5 runs, 3 hits, 0 errors, 1 left on base; Minnesota (WIN) 7 - Baltimore (WIN) 0
BOTTOM OF THE 5TH
Baltimore (WIN) Orioles batting - Pitching for Minnesota (WIN) Twins : RHP Matt Springer
Batting: RHB Tony Logan 0-0: Swinging Strike
0-1: Called Strike
0-2: Ball
1-2: Foul Ball, location: 2F
1-2: Strikes out looking
Batting: LHB Jose Chinchilla 0-0: Foul Ball, location: 2F
0-1: Called Strike
0-2: Ball
1-2: Strikes out swinging, 2-3 out at first.
Batting: RHB Travis Carter 0-0: Ball
1-0: Foul Ball, location: 2F
1-1: Foul Ball, location: 2F
1-2: Ball
2-2: Foul Ball, location: 2F
2-2: Strikes out swinging
Bottom of the 5th over - 0 runs, 0 hits, 0 errors, 0 left on base; Minnesota (WIN) 7 - Baltimore (WIN) 0
TOP OF THE 6TH
Minnesota (WIN) Twins batting - Pitching for Baltimore (WIN) Orioles : RHP Brent Widder
Batting: RHB Jose Nunez 0-0: Called Strike
0-1: Swinging Strike
0-2: Strikes out swinging
Batting: LHB Jim Pankratz 0-0: Ball
1-0: Swinging Strike
1-1: SINGLE (Line Drive, 9S, EV 104.4 MPH)
Batting: RHB J.J. Powers 0-0: Called Strike
0-1: Ball
1-1: Ball
2-1: Foul Ball, location: 2F
2-2: Fly out, F9 (Flyball, 9LS, EV 83.8 MPH)
Batting: RHB Miguel Diaz 0-0: Called Strike
0-1: Foul Ball, location: 2F
0-2: Strikes out swinging
Top of the 6th over - 0 runs, 1 hit, 0 errors, 1 left on base; Minnesota (WIN) 7 - Baltimore (WIN) 0
BOTTOM OF THE 6TH
Baltimore (WIN) Orioles batting - Pitching for Minnesota (WIN) Twins : RHP Matt Springer
Batting: LHB Tyler Allen 0-0: Ball
1-0: Swinging Strike
1-1: Called Strike
1-2: Ground out 6-3 (Groundball, 56, EV 103.1 MPH)
Batting: SHB Hugo Moreno 0-0: Ball
1-0: Foul Ball, location: 2F
1-1: Ball
2-1: Foul Ball, location: 2F
2-2: Ball
3-2: Foul Ball, location: 2F
3-2: DOUBLE (Groundball, 3L, EV 106.9 MPH)
Batting: RHB Muneer Maudad 0-0: Foul Ball, location: 2F
0-1: Ball
1-1: Foul Ball, location: 2F
1-2: Foul Ball, location: 2F
1-2: Fly out, F7 (Line Drive, 7S, EV 95.6 MPH)
Batting: RHB Bobby Scholl 0-0: Fly out, F8 (Flyball, 8RM, EV 95.0 MPH)
Bottom of the 6th over - 0 runs, 1 hit, 0 errors, 1 left on base; Minnesota (WIN) 7 - Baltimore (WIN) 0
TOP OF THE 7TH
Minnesota (WIN) Twins batting - Pitching for Baltimore (WIN) Orioles : RHP Brent Widder
Batting: SHB Dan Morataya 0-0: Swinging Strike
0-1: Ball
1-1: Ball
2-1: Ground out 3-1 (Groundball, 34, EV 101.2 MPH)
Batting: RHB Matt Dunn 0-0: Ball
1-0: Ball
2-0: Called Strike
2-1: Called Strike
2-2: Foul Ball, location: 2F
2-2: Ball
3-2: Base on Balls
Batting: RHB Manuel Juarez 0-0: Foul Ball, location: 2F
0-1: Ball
1-1: Ball
2-1: Foul Ball, location: 2F
2-2: Foul Ball, location: 2F
2-2: Strikes out looking
Matt Dunn steals 2nd base
Batter strikes out.
Pitching: LHP Mark Gehring
Batting: LHB Chaim Huting 0-0: Ball
1-0: Ball
2-0: Ball
3-0: Foul Ball, location: 2F
3-1: Base on Balls
Batting: LHB Israel Montoya 0-0: Swinging Strike
0-1: Ball
1-1: Ball
2-1: Foul Ball, location: 2F
2-2: Foul Ball, location: 2F
2-2: Ball
3-2: Fly out, F8 (Line Drive, 8RD, EV 93.1 MPH)
Top of the 7th over - 0 runs, 0 hits, 0 errors, 2 left on base; Minnesota (WIN) 7 - Baltimore (WIN) 0
BOTTOM OF THE 7TH
Baltimore (WIN) Orioles batting - Pitching for Minnesota (WIN) Twins : RHP Matt Springer
Batting: LHB Matt Patnaude 0-0: Ball
1-0: Called Strike
1-1: Ball
2-1: Called Strike
2-2: Strikes out swinging
Pinch Hitting: RHB Andrew Korman 0-0: Foul Ball, location: 2F
0-1: Reached on error, E2 (Groundball, 2L, EV 69.4 MPH)
Batting: RHB Tony Logan 0-0: Called Strike
0-1: Ball
1-1: Fly out, F9 (Flyball, 9LMF, EV 96.2 MPH)
Batting: LHB Jose Chinchilla 0-0: Called Strike
0-1: Foul Ball, location: 2F
0-2: Foul Ball, location: 2F
0-2: Strikes out looking
Bottom of the 7th over - 0 runs, 0 hits, 1 error, 1 left on base; Minnesota (WIN) 7 - Baltimore (WIN) 0
TOP OF THE 8TH
Minnesota (WIN) Twins batting - Pitching for Baltimore (WIN) Orioles : LHP Mark Gehring
Now at C: Andrew Korman
Now at 1B: Hugo Moreno
Batting: RHB Jose Nunez 0-0: Foul Ball, location: 2F
0-1: Ball
1-1: Foul Ball, location: 2F
1-2: Ground out 5-3 (Groundball, 5L, EV 85.6 MPH)
Batting: LHB Jim Pankratz 0-0: Ball
1-0: Fly out, F6 (Popup, 6MS, EV 71.2 MPH)
Batting: RHB J.J. Powers 0-0: Ball
1-0: Foul Ball, location: 2F
1-1: Ball
2-1: Swinging Strike
2-2: Strikes out looking
Top of the 8th over - 0 runs, 0 hits, 0 errors, 0 left on base; Minnesota (WIN) 7 - Baltimore (WIN) 0
BOTTOM OF THE 8TH
Baltimore (WIN) Orioles batting - Pitching for Minnesota (WIN) Twins : RHP Matt Springer
Batting: RHB Travis Carter 0-0: SINGLE (Line Drive, 89S, EV 108.1 MPH)
Batting: LHB Tyler Allen 0-0: Hit by Pitch
Travis Carter to second
Pinch Hitting: RHB Vince Jackson 0-0: Called Strike
0-1: Fielders Choice at 2nd, 4-6 (Groundball, 4M, EV 101.2 MPH)
Travis Carter to third
Batting: RHB Muneer Maudad 0-0: Ball
1-0: Foul Ball, location: 2F
1-1: Foul Ball, location: 2F
1-2: Foul Ball, location: 2F
1-2: SINGLE (Groundball, 6MD, EV 95.0 MPH)
Travis Carter scores
Vince Jackson to second
Pitching: LHP Antoine Champagne
Batting: RHB Bobby Scholl 0-0: DOUBLE (Flyball, 8LXD, EV 102.5 MPH)
Vince Jackson scores
Muneer Maudad to third
Pinch Hitting: RHB John Gray 0-0: Foul Ball, location: 2F
0-1: Ball
1-1: Swinging Strike
1-2: Ball
2-2: Ground out 6-3 (Groundball, 6, EV 103.1 MPH)
Muneer Maudad scores
Batting: RHB Andrew Korman 0-0: Ground out 3-1 (Groundball, 34, EV 87.5 MPH)
Bottom of the 8th over - 3 runs, 3 hits, 0 errors, 1 left on base; Minnesota (WIN) 7 - Baltimore (WIN) 3
TOP OF THE 9TH
Minnesota (WIN) Twins batting - Pitching for Baltimore (WIN) Orioles : LHP Mark Gehring
Now at 1B: Vince Jackson
Now in CF: John Gray
Now in RF: Tyler Allen
Batting: RHB Miguel Diaz 0-0: Ball
1-0: Ball
2-0: Called Strike
2-1: Ball
3-1: Called Strike
3-2: SINGLE (Groundball, 56D, EV 96.2 MPH)
Batting: SHB Dan Morataya 0-0: Grounds into double play, 5-4-3 (Groundball, 56S, EV 85.6 MPH)
Batting: RHB Matt Dunn 0-0: Called Strike
0-1: Ball
1-1: Foul Ball, location: 2F
1-2: Strikes out looking
Top of the 9th over - 0 runs, 1 hit, 0 errors, 0 left on base; Minnesota (WIN) 7 - Baltimore (WIN) 3
BOTTOM OF THE 9TH
Baltimore (WIN) Orioles batting - Pitching for Minnesota (WIN) Twins : LHP Antoine Champagne
Batting: RHB Tony Logan 0-0: Fly out, F7 (Flyball, 7, EV 95.6 MPH)
Batting: RHB Kory Sanchez 0-0: Ball
1-0: Foul Ball, location: 2F
1-1: Swinging Strike
1-2: Strikes out swinging
Batting: RHB Travis Carter 0-0: Ball
1-0: Foul Ball, location: 2F
1-1: Swinging Strike
1-2: Strikes out swinging
Bottom of the 9th over - 0 runs, 0 hits, 0 errors, 0 left on base; Minnesota (WIN) 7 - Baltimore (WIN) 3
Tuesday, September 13th , 2022 - OOTP Baseball 23.7 Build 88